 Dungeon Sprint DCSS version 0.31-a0-818-ge7c7cf74f0 (webtiles) character file.

Game seed: 15309888197365875290

36 Conn the Firebug (level 3, -1/20 (21) HPs)
             Began as an Octopode Fire Elementalist on Sept 23, 2023.
             Was a Priest of Sif Muna.
             Slain by a wight
             ... wielding a +4 trident
              (12 damage)
             ... in the Dungeon (Sprint VII: "The Pits").
             The game lasted 00:02:41 (341 turns).

Conn the Firebug (Octopode Fire Elementalist)        Turns: 341, Time: 00:02:44

HP:   -1/20 (21)    AC:  1    Str:  7    XL:     3   Next: 37%
MP:   2/7           EV: 13    Int: 19    God:    Sif Muna [***...]
Gold: 0             SH:  0    Dex: 12    Spells: 2/8 levels left

rFire   . . .        l - +1 mace (protect)
rCold   . . .        (no shield)
rNeg    . . .        (helmet restricted)
rPois   .            (no amulet)
rElec   .            (no ring)
rCorr   .            (no ring)
SInv    .            (no ring)
Will    .....        (no ring)
Stlth   +++          (no ring)
HPRegen 0.23/turn    (no ring)
MPRegen 0.10/turn    (no ring)
                     (no ring)

%: no teleportation
@: lightly drained
A: almost no armour, amphibious, 8 rings, camouflage 1, gelatinous body 1,
(nimble swimmer 1), tentacles
a: Renounce Religion, Channel Magic, Forget Spell


You were in the Dungeon.
You worshipped Sif Muna.
Sif Muna was most pleased with you.
You visited 1 branch

Inventory:

Hand Weapons
 k - a +2 dagger
 l - a +1 mace of protection (weapon)
Scrolls
 f - a scroll of blinking
 h - 2 scrolls of vulnerability
 i - 5 scrolls of amnesia
 j - a scroll of summoning
Potions
 a - 5 potions of magic
 b - 6 potions of curing
 c - 6 potions of heal wounds
 d - a potion of haste
 e - 3 potions of berserk rage
 g - 2 potions of invisibility


   Skills:
 + Level 2.6 Dodging
 + Level 3.4 Stealth
 + Level 3.3 Spellcasting
 * Level 2.2 Conjurations
 + Level 5.0 Fire Magic
 * Level 2.0 Invocations


You had 2 spell levels left.
You knew the following spells:

 Your Spells              Type           Power      Damage    Failure   Level
a - Foxfire               Conj/Fire      68%        2x1d7     3%          1
b - Scorch                Fire           44%        2d6       2%          2
c - Inner Flame           Hex/Fire       12%        N/A       16%         3

Your spell library contained the following spells:

 Spells                   Type           Power      Damage    Failure   Level
 Volatile Blastmotes      Fire/Tloc      24%        2d12      16%         3
 Flame Wave               Conj/Fire      17%        2d7       32%         4


Dungeon Overview and Level Annotations

Branches:
Dungeon (1/1)

Altars:
Ashenzari
Cheibriados
Dithmenos
Elyvilon
Fedhas
Gozag
Hepliaklqana
Kikubaaqudgha
Makhleb
Nemelex Xobeh
Okawaru
Qazlal
Ru
Sif Muna
Trog
Uskayaw
Vehumet
Wu Jian
Xom
Yredelemnul
Zin
The Shining One
Jiyva
Lugonu


Innate Abilities, Weirdness & Mutations

You cannot wear most types of armour.
You are amphibious.
You can wear up to eight rings at the same time.
Your skin changes colour to match your surroundings (Stealth+).
Your rubbery body absorbs attacks. (AC +1, EV +1)
((You are camouflaged when in or above water. (Stealth+)))
You have tentacles for arms and can constrict up to eight enemies at once.


Message History

The wight is lightly damaged.
Unknown command.
Casting: Foxfire (safe; 3% risk of failure)
Confirm with . or Enter, or press ? or * to list all spells.
Flames lash the wight.
The wight is lightly damaged.
The wight's fire resistance burns away.
Unknown command.
Casting: Scorch (safe; 2% risk of failure)
Confirm with . or Enter, or press ? or * to list all spells.
You conjure some foxfire!
Unknown command.
The foxfire hits the wight but does no damage.
The wight is lightly damaged.
The foxfire hits the wight.
The wight is burned terribly!
The wight is moderately damaged.
Casting: Foxfire (safe; 3% risk of failure)
Confirm with . or Enter, or press ? or * to list all spells.
You conjure some foxfire!
The wight is no longer more vulnerable to fire.
The wight misses you.
Unknown command.
Your foxfire dissipates!
The foxfire hits the wight.
The wight is severely damaged.
The wight attacks as it pursues you! The wight closely misses you.
Casting: Foxfire (safe; 3% risk of failure)
Confirm with . or Enter, or press ? or * to list all spells.
You conjure some foxfire!
The wight hits you from afar with a +4 trident!
You feel drained.
Unknown command.
The foxfire hits the wight but does no damage.
The wight is severely damaged.
The foxfire hits the wight but does no damage.
The wight is severely damaged.
The wight attacks as it pursues you!
The wight hits you from afar with a +4 trident!
Ouch! That really hurt!
You die...

############ #_________.#
#_________.#
#_______...###########++####
##########'##...............
#..(.')))'.##......#..#.....
##########§##...............
#......z.z.@÷...............
#'#####'#####......#..#.....
#§#.....#..##...............
#§#.†...#).#####'#####++####
#z###'###))##.......#
#z#..††.#))##.......#
#.#..†..#[[##.......#
#.####†##'###...<...#
#.#........##.......#


You could see 2 wights.

Vanquished Creatures
  An adder (D)
  2 ufetubi (D)
  An adder skeleton (D)
  A hobgoblin (D)
  7 jackals (D)
  A ball python (D)
  A frilled lizard (D)
14 creatures vanquished.

Vanquished Creatures (others)
  26 foxfires (D)
26 creatures vanquished.

Grand Total: 40 creatures vanquished

Notes
Turn   | Place    | Note
-------+----------+-------------------------------------------
     0 | D        | Conn the Octopode Fire Elementalist began the quest for the
                  | Orb.
     0 | D        | Reached XP level 1. HP: 11/11 MP: 3/3
    64 | D        | Found a bloodstained altar of Trog.
    64 | D        | Found a shimmering blue altar of Sif Muna.
    64 | D        | Found a viscous altar of Jiyva.
    64 | D        | Found a hazy altar of Hepliaklqana.
    64 | D        | Found an opulent altar of Gozag.
    65 | D        | Found a glowing golden altar of the Shining One.
    65 | D        | Found a glowing silver altar of Zin.
    65 | D        | Found a basalt altar of Yredelemnul.
    65 | D        | Found a shimmering altar of Xom.
    65 | D        | Found an ornate altar of the Wu Jian Council.
    65 | D        | Found a sacrificial altar of Ru.
    65 | D        | Found a stormy altar of Qazlal.
    65 | D        | Found an iron altar of Okawaru.
    65 | D        | Found a sparkling altar of Nemelex Xobeh.
    65 | D        | Found a burning altar of Makhleb.
    65 | D        | Found a blossoming altar of Fedhas.
    65 | D        | Found a white marble altar of Elyvilon.
    65 | D        | Found a shadowy altar of Dithmenos.
    65 | D        | Found a snail-covered altar of Cheibriados.
    66 | D        | Found a radiant altar of Vehumet.
    66 | D        | Found a corrupted altar of Lugonu.
    67 | D        | Found an ancient bone altar of Kikubaaqudgha.
    67 | D        | Found a hide-covered altar of Uskayaw.
    67 | D        | Found a broken altar of Ashenzari.
    68 | D        | Became a worshipper of Sif Muna the Loreminder
    85 | D        | Reached skill level 4 in Fire Magic
    85 | D        | Reached XP level 2. HP: 17/17 MP: 2/5
   102 | D        | Reached skill level 1 in Invocations
   141 | D        | Reached * piety under Sif Muna
   171 | D        | Reached ** piety under Sif Muna
   178 | D        | Reached XP level 3. HP: 18/21 MP: 0/7
   182 | D        | Reached *** piety under Sif Muna
   186 | D        | Reached skill level 5 in Fire Magic
   303 | D        | Learned a level 2 spell: Scorch
   307 | D        | Learned a level 3 spell: Inner Flame
   316 | D        | Noticed a wight
   316 | D        | Noticed a wight
   341 | D        | Slain by a wight

Illustrated notes

Levels and vault maps discovered:
D:        pitsprint [storerooms_1, entrance_room_1, metal_vault_8, armoury_2,
          mini_pit_1, grid_room_1, main_hall_1, silver_pit, the_coven_1,
          the_vestibule_1, steel_vault_1, golden_pit, hallway_of_sentries,
          crystal_vault_6, iron_vault_1, final_vault]

Skill      XL: |  1  2  3 |
---------------+----------+-----
Stealth        | 3 |  3.4
Fire Magic     | 4 5 |  5.0
Invocations    | 1 2 |  2.0
Spellcasting   | 3 |  3.3
Conjurations   | 2 |  2.2
Dodging        | |  2.6

Action                     || total
---------------------------++-------
  Melee: Unarmed           ||     3
         Constrict         ||     5
         Tentacles         ||     5
         Punch             ||     2
         Dagger            ||    10
   Cast: Foxfire           ||    18
         Scorch            ||     1
 Armour: Skin              ||     9
  Dodge: Dodged            ||    12

Table legend: (Time is in decaauts)
 A = Elapsed time spent in this place.
 B = Non-inter-level travel time spent in this place.
 C = Inter-level travel time spent in this place.
 D = Time resting spent in this place.
 E = Time spent auto-exploring this place.
 F = Levels seen in this place.
 G = Mean time per level.
                   A        B        C        D        E       F      G
               +--------+--------+--------+--------+--------+-----+--------+
         Total |    340 |    340 |      0 |    115 |      0 |   1 |  340.0 |
       Dungeon |    340 |    340 |      0 |    115 |      0 |   1 |  340.0 |
               +--------+--------+--------+--------+--------+-----+--------+

Top non-repeatable levels by time:
       D: 340 daAuts
